 Dungeon Crawl Stone Soup version 0.30-a0-457-g4b7bca3bfa (webtiles) character file.

Game seed: 13661904039060813382

165 Monkooky the Slasher (level 5, -5/39 HPs)
             Began as a Merfolk Gladiator on Dec 14, 2022.
             Slain by Blork the orc
             ... wielding a +0 battleaxe
              (19 damage)
             ... on level 4 of the Dungeon.
             The game lasted 00:05:59 (2896 turns).

Monkooky the Slasher (Merfolk Gladiator)            Turns: 2896, Time: 00:05:59

Health: -5/39      AC:  4    Str: 14    XL:     5   Next: 46%
Magic:  5/5        EV: 13    Int:  8    God:
Gold:   236        SH:  0    Dex: 17    Spells: 2/4 levels left

rFire   . . .      SeeInvis .    a - +0 long sword
rCold   . . .      Faith    .    (no shield)
rNeg    . . .      Spirit   .    b - +0 leather armour
rPois   .          Reflect  .    n - +0 helmet
rElec   .          Harm     .    (no cloak)
rCorr   .          Rampage  .    (no gloves)
Will    .....                    (no boots)
Stlth   +.........               (no amulet)
HPRegen 0.26/turn                (no ring)
MPRegen 0.09/turn                (no ring)

@: no status effects
A: (nimble swimmer 2), mertail
a: no special abilities


You were on level 4 of the Dungeon.
You visited 1 branch of the dungeon, and saw 4 of its levels.

You collected 236 gold pieces.

Inventory:

Hand Weapons
 a - a +0 long sword (weapon)
Missiles
 d - 3 throwing nets (quivered)
 e - a javelin
 m - 10 poisoned darts
Armour
 b - a +0 leather armour (worn)
 c - a +0 helmet
 n - a +0 helmet (worn)
Scrolls
 f - 5 scrolls of identify {unknown}
 g - 2 scrolls of noise {unknown}
 j - 2 scrolls of teleportation {unknown}
 k - a scroll of enchant armour {unknown}
 p - a scroll of magic mapping {unknown}
 q - a scroll of fear {unknown}
 s - a scroll of blinking {unknown}
Potions
 h - 2 potions of experience {unknown}
 i - a potion of might {unknown}
 l - 2 potions of heal wounds {unknown}
 o - a potion of berserk rage {unknown}
 r - a potion of cancellation {unknown}


   Skills:
 + Level 2.4 Fighting
 - Level 7.0 Long Blades
 - Level 2.0 Throwing
 + Level 4.2 Dodging


You had 2 spell levels left.
You knew the following spells:

 Your Spells              Type           Power      Damage    Failure   Level
a - Wereblood             Tmut           0%         N/A       63%         2

Your spell library contained the following spells:

 Spells                   Type           Power      Damage    Failure   Level
 Sublimation of Blood     Necr           0%         N/A       63%         2
 Summon Hydra             Summ           0%         N/A       100%        7


Dungeon Overview and Level Annotations

Branches:
Dungeon (4/15)
 Temple: D:4-7

Altars:

Shops:
D:2 ![([

Annotations:
D:4 Blork the orc


Innate Abilities, Weirdness & Mutations

((You are very nimble when in or above water. (Stealth+, EV+, Speed+++)))
Your lower body shifts to a powerful aquatic tail in water.


Message History

a +0 club; a +0 sling
Found a scroll labelled FEXONKETSA.
Found a leather armour.
f - 5 scrolls labelled FEXONKETSA (gained 1)
Found a stone staircase leading down.
You hear the brisk hiss of an avalanche of sand nearby.
There is a stone staircase leading down here.
Blork the orc comes into view.
He is wielding a +0 battleaxe.
Found a leather armour.
Found a stone staircase leading up.
Blork the orc shouts!
Found a scroll labelled CUF DEAN LASOASCH.
You slash Blork the orc!
Blork the orc is moderately wounded.
Blork the orc completely misses you.
You slash Blork the orc!
Blork the orc is severely wounded.
Blork the orc gestures wildly while chanting.
Blork the orc seems to speed up.
You hit Blork the orc but do no damage.
Blork the orc is severely wounded.
Blork the orc gestures at you while chanting.
The puff of frost hits you!
Blork the orc looks satisfied for a moment.
You hit Blork the orc.
Blork the orc is almost dead.
Blork the orc gestures at you while chanting.
The puff of frost hits you.
You barely miss Blork the orc.
Blork the orc is almost dead.
Blork the orc screams, "I'll break your legs!"
Blork the orc looks encouraged for a moment.
Blork the orc closely misses you.
You hit Blork the orc.
Blork the orc is almost dead.
Blork the orc hits you with a +0 battleaxe!
You closely miss Blork the orc.
Blork the orc is almost dead.
Blork the orc closely misses you.
Blork the orc hits you with a +0 battleaxe!!
You die...

.?... ....
...# #..#
#<[# #..#
#.o# #.@#
#.###..#####
≈≈.≈§§§§....#
##+####≈###.#
### #.# #>#
#.# #.# #.
#.#


You could see Blork the orc (fast).

Vanquished Creatures
  A jelly (D:4)
  5 adders
  A worm (D:2)
  4 dart slugs
  6 orcs
  4 bats
  9 endoplasms
  2 giant cockroaches
  4 hobgoblins
  5 quokkas
  3 ball pythons
  2 frilled lizards
  9 goblins
  11 kobolds
  5 rats
71 creatures vanquished.

Vanquished Creatures (others)
  A fungus (D:4)
  10 toadstools (D:4)
11 creatures vanquished.

Grand Total: 82 creatures vanquished

Notes
Turn   | Place    | Note
-------+----------+-------------------------------------------
     0 | D:1      | Monkooky the Merfolk Gladiator began the quest for the Orb.
     0 | D:1      | Reached XP level 1. HP: 16/16 MP: 1/1
    58 | D:1      | Reached skill level 4 in Long Blades
    72 | D:1      | Reached XP level 2. HP: 20/22 MP: 2/2
   855 | D:1      | Reached skill level 5 in Long Blades
   855 | D:1      | Reached XP level 3. HP: 25/27 MP: 3/3
  1122 | D:2      | Found Anitur's Armour Shoppe.
  1208 | D:2      | Found Kuly's Weapon Emporium.
  1229 | D:2      | Reached XP level 4. HP: 25/33 MP: 4/4
  1335 | D:2      | Learned a level 2 spell: Wereblood
  1352 | D:2      | Reached skill level 6 in Long Blades
  1418 | D:2      | Found Qanyuv's Distillery.
  1767 | D:2      | Found Moqaj's Antique Armour Emporium.
  1860 | D:3      | Identified the +1 dagger of Taruc {drain, rN+ Dex+4}
  2372 | D:3      | Identified the +1 plate armour of the Undertaker {rN++
                  | Int-2 Dex+5}
  2373 | D:3      | Found a faded altar of an unknown god.
  2592 | D:4      | Reached skill level 7 in Long Blades
  2592 | D:4      | Reached XP level 5. HP: 38/38 MP: 5/5
  2818 | D:4      | Identified the +5 short sword "Eviscerator" {drain, *Slow
                  | rF++ rCorr Str+3}
  2887 | D:4      | Noticed Blork the orc
  2896 | D:4      | Slain by Blork the orc

Illustrated notes

Levels and vault maps discovered:
D:1:      heliophobic_arrival_battle_scene, layout_basic,
          chequers_decorated_corner, chequers_serial_rivers_small_a
D:2:      layout_basic, serial_shops, nicolae_square_shop, shop,
          nicolae_shop_bloodbath_and_beyond, shop_statue
D:3:      layout_basic, dreamdust_ecumenical_altar_hidden_monk_grotto
D:4:      cheibrodos_fertilizer, layout_loops_ring, fedhas_altar_fruit_tree,
          lightli_temple_of_fire, enter_ossuary_1, uniq_blork_the_orc

Skill      XL: |  1  2  3  4 |
---------------+-------------+-----
Long Blades    | 4 5 7 |  7.0
Fighting       | |  2.4
Throwing       | |  2.0
Dodging        | |  4.2

Action                   |  1- 3 |  4- 6 || total
-------------------------+-------+-------++-------
Melee: Long sword        |    95 |   116 ||   211
       Tailslap          |     1 |       ||     1
 Stab: Sleeping          |       |     2 ||     2
Armor: Leather armour    |    17 |    24 ||    41
Dodge: Dodged            |    82 |    60 ||   142

Table legend: (Time is in decaauts)
 A = Elapsed time spent in this place.
 B = Non-inter-level travel time spent in this place.
 C = Inter-level travel time spent in this place.
 D = Time resting spent in this place.
 E = Time spent auto-exploring this place.
 F = Levels seen in this place.
 G = Mean time per level.
                   A        B        C        D        E       F      G
               +--------+--------+--------+--------+--------+-----+--------+
         Total |   2914 |   2823 |     91 |      0 |   2093 |   4 |  728.5 |
       Dungeon |   2914 |   2823 |     91 |      0 |   2093 |   4 |  728.5 |
               +--------+--------+--------+--------+--------+-----+--------+

Top non-repeatable levels by time:
     D:2: 936 daAuts
     D:1: 923 daAuts
     D:3: 632 daAuts
     D:4: 422 daAuts
